 Dungeon Crawl Stone Soup version 0.27-a0-1193-g8631133539 (webtiles) character file.

Game seed: 13975346744926211694

3 Kold the Sneak (level 1, -3/18 HPs)
             Began as a Demonspawn Delver on May 25, 2021.
             Slain by a scorpion (8 damage)
             ... on level 5 of the Dungeon.
             The game lasted 00:00:26 (23 turns).

Kold the Sneak (Demonspawn Delver)                    Turns: 23, Time: 00:00:26

Health: -3/18      AC:  3    Str: 12    XL:     1   Next: 41%
Magic:  1/1        EV: 11    Int: 11    God:
Gold:   0          SH:  0    Dex: 14    Spells: 0/0 levels left

rFire    . . .     SeeInvis .   a - +0 mace
rCold    . . .     Faith    .   (no shield)
rNeg     . . .     Spirit   .   b - +0 leather armour
rPois    .         Reflect  .   (no helmet)
rElec    .         Harm     .   (no cloak)
rCorr    .         Rampage  .   (no gloves)
Will     .....                  (no boots)
Stlth    ++........             (no amulet)
HPRegen  0.06/turn              (no ring)
MPRegen  0.07/turn              (no ring)

@: lethally poisoned (-3 -> -12), hasted, very quick
A: no striking features
a: no special abilities


You were on level 5 of the Dungeon.
You visited 1 branch of the dungeon, and saw 1 of its levels.

Inventory:

Hand Weapons
 a - a +0 mace (weapon)
Armour
 b - a +0 leather armour (worn)
Wands
 g - a wand of digging (3)
Scrolls
 c - a scroll of fog
 d - a scroll of magic mapping
 e - a scroll of fear
 h - a scroll of identify {unknown}


   Skills:
 - Level 3.0 Fighting
 + Level 1.8 Maces & Flails
 + Level 1.8 Dodging
 + Level 4.5 Stealth


You couldn't memorise any spells.
You didn't know any spells.
Your spell library was empty.

Dungeon Overview and Level Annotations

Branches:
Dungeon (5/15)
 Temple: D:4-7

Altars:


Message History

The adder skeleton is heavily damaged.
The adder skeleton bites you.
The adder skeleton bites you but does no damage.
You hit the adder skeleton.
The adder skeleton is severely damaged.
The adder skeleton closely misses you.
You hit the adder skeleton.
The adder skeleton is severely damaged.
The adder skeleton bites you. The adder skeleton closely misses you.
You hit the adder skeleton.
The adder skeleton is severely damaged.
The adder skeleton barely misses you.
You sock the adder skeleton!
You destroy the adder skeleton!
No target in view!
Found 11 gold pieces.
h - a scroll labelled CECUPEDDOBO
There are no items here.
Setting a skill training target for Maces & Flails at 14.0.
A scorpion comes into view.
Found a scroll labelled WIGUXO XODU.
Found a stone staircase leading up.
Okay, then.
You feel yourself speed up.
You hit the scorpion.
The scorpion is lightly wounded.
The scorpion stings you.
You are lethally poisoned!
The scorpion poisons you!
You closely miss the scorpion.
The scorpion is lightly wounded.
You feel very sick. The scorpion closely misses you.
You are too injured to fight recklessly!
You are too injured to fight recklessly!
You are too injured to fight recklessly!
You closely miss the scorpion.
The scorpion is lightly wounded.
* * * LOW HITPOINT WARNING * * *
You feel sick. The scorpion stings you!
You die...

...........
###.........###
###.............#.
##$.................#
##<...................
................##....
#.....s.........#.....
#...@..............
#...................
##......##.......^..
#.........##.>.......
#.........#..........
#......#.............
#?.#....##...........
...#.... ##.#...##.##
#.#..## #


You could see a scorpion.

Vanquished Creatures
  An adder skeleton (D:5)
1 creature vanquished.

Notes
Turn   | Place    | Note
-------+----------+-------------------------------------------
     0 | D:5      | Kold the Demonspawn Delver began the quest for the Orb.
     0 | D:5      | Reached XP level 1. HP: 18/18 MP: 1/1
    17 | D:5      | Noticed a scorpion
    23 | D:5      | Slain by a scorpion

Illustrated notes

Levels and vault maps discovered:
D:5:      layout_cave_pools, lemuel_crystal_altar, lemuel_doored_altar,
          serial_shops, shop_fountains, uniq_grinder

Action                   || total
-------------------------++-------
Melee: Mace              ||    11
  Use: Potion            ||     1
Armor: Leather armour    ||     4
Dodge: Dodged            ||     5

Table legend: (Time is in decaauts)
 A = Elapsed time spent in this place.
 B = Non-inter-level travel time spent in this place.
 C = Inter-level travel time spent in this place.
 D = Time resting spent in this place.
 E = Time spent auto-exploring this place.
 F = Levels seen in this place.
 G = Mean time per level.
                   A        B        C        D        E       F      G
               +--------+--------+--------+--------+--------+-----+--------+
         Total |     24 |     24 |      0 |      0 |      1 |   1 |   24.0 |
       Dungeon |     24 |     24 |      0 |      0 |      1 |   1 |   24.0 |
               +--------+--------+--------+--------+--------+-----+--------+

Top non-repeatable levels by time:
     D:5: 24 daAuts
